 Dungeon Crawl Stone Soup version 0.24-a0-443-g80245de385 (webtiles) character file.

Game seed: 17973202472291558116

106631 JellyEater the Geomancer (level 16, -14/100 HPs)
             Began as a Gargoyle Earth Elementalist on June 21, 2019.
             Was the Champion of Vehumet.
             Demolished by Cigotuvi's Monster (22 damage)
             ... in a wizard's laboratory.
             The game lasted 01:25:08 (31276 turns).

JellyEater the Geomancer (GrEE)                    Turns: 31276, Time: 01:25:08

Health: -14/100    AC: 28    Str: 13    XL:     16   Next: 44%
Magic:  29/33      EV: 21    Int: 22    God:    Vehumet [******]
Gold:   2262       SH:  4    Dex: 10    Spells: 4/36 levels left

rFire    + + .     SeeInvis +   o - +6 morningstar (crush)
rCold    + . .     Gourm    .   (no shield)
rNeg     + . .     Faith    .   J - +4 robe of Idealism {SInv}
rPois    ∞         Spirit   .   V - +0 mask of the Dragon {MR+ Slay+3 SInv}
rElec    +         Reflect  .   Z - scarf {rC+ rF+}
rCorr    .         Harm     .   g - +2 pair of gloves
MR       +++..                  x - +2 pair of boots "Ufyigity" {rF+}
Stlth    ++........             U - amulet of the acrobat
HPRegen  0.26/turn              H - ring of Phasing {EV+8}
MPRegen  0.23/turn              c - ring of the Sky {MR+ AC+3 SInv}

@: about to teleport, flying, constricted
A: big wings, large bone plates 1, high mp 1, negative energy resistance 1,
electricity resistance, unbreathing, petrification resistance, rot immunity, AC
+12
a: Stop Flying, Renounce Religion


You were in a wizard's laboratory.
You worshipped Vehumet.
Vehumet was exalted by your worship.
You were full.

You visited 5 branches of the dungeon, and saw 24 of its levels.
You also visited: Ossuary, Gauntlet, Ice Cave and Wizlab.

You collected 3093 gold pieces.
You spent 831 gold pieces at shops.

Inventory:

Hand Weapons
 o - a +6 morningstar of crushing (weapon)
Missiles
 a - 21 silver javelins
 b - 491 stones (quivered)
 i - a throwing net
Armour
 g - a +2 pair of gloves (worn)
 x - the +2 pair of boots "Ufyigity" (worn) {rF+}
   (You found it in an ossuary)

   It protects you from fire.
 J - the +4 robe of Idealism (worn) {SInv}
   (You bought it in a shop on level 7 of the Dungeon)

   It lets you see invisible.
 V - the +0 mask of the Dragon (worn) {MR+ Slay+3 SInv}
   (You found it in a Gauntlet)

   It affects your accuracy and damage with ranged weapons and melee attacks
   (+3).
   It affects your resistance to hostile enchantments.
   It lets you see invisible.
 Z - a scarf of resistance (worn)
Jewellery
 c - the ring of the Sky (right hand) {MR+ AC+3 SInv}
   (You took it off a minotaur in a Gauntlet)

   [ring of protection]

   It affects your AC (+3).
   It affects your resistance to hostile enchantments.
   It lets you see invisible.
 m - an uncursed ring of protection from cold
 H - the ring of Phasing (left hand) {EV+8}
   (You took it off a skeletal warrior on level 7 of the Dungeon)

   [ring of evasion]

   It affects your evasion (+8).
 U - an amulet of the acrobat (around neck)
Wands
 r - a wand of disintegration (64)
 t - a wand of enslavement (7)
 B - a wand of digging (6)
 D - a wand of acid (17)
 M - a wand of flame (34)
 Q - a wand of paralysis (17)
Scrolls
 e - 2 scrolls of fear
 j - 5 scrolls of identify
 p - 4 scrolls of fog
 y - 4 scrolls of amnesia
 C - 3 scrolls of remove curse
 I - 8 scrolls of teleportation
 T - a scroll of summoning
Potions
 f - a potion of magic
 h - a potion of brilliance
 l - 4 potions of lignification
 n - 5 potions of berserk rage
 q - 13 potions of curing
 s - 3 potions of invisibility
 v - 2 potions of cancellation
 z - a potion of haste
 A - a potion of heal wounds
 K - 2 potions of agility
 O - 2 potions of ambrosia
 S - 2 potions of resistance
 X - 18 potions of mutation
 Y - a potion of might
Miscellaneous
 E - a lamp of fire
 G - a lightning rod (4/4)
 P - a fan of gales
 R - a sack of spiders
 W - a phial of floods
Comestibles
 d - 19 rations


   Skills:
 + Level 11.2 Fighting
 + Level 10.3 Maces & Flails
 - Level 6.0 Armour
 + Level 8.9 Dodging
 - Level 2.1 Stealth
 + Level 10.8 Spellcasting
 + Level 12.0 Conjurations
 - Level 0.7 Transmutations
 * Level 9.5 Fire Magic
 + Level 13.9 Earth Magic
 - Level 6.0 Evocations


You had 4 spell levels left.
You knew the following spells:

 Your Spells              Type           Power        Failure   Level  Hunger
a - Sandblast             Erth           ######       0%          1    None
b - Stone Arrow           Conj/Erth      ######       1%          3    None
c - Lee's Rapid Deconstr  Erth           ######....   1%          5    ####...
d - Iron Shot             Conj/Erth      ######....   1%          6    ######.
e - Orb of Destruction    Conj           ######....   9%          7    #######
f - Bolt of Magma         Conj/Fire/Erth ######....   1%          5    ####...
g - Irradiate             Conj/Tmut      #####.....   3%          5    ####...

Your spell library contained the following spells:

 Spells                   Type           Power        Failure   Level  Hunger
 Spellforged Servitor     Conj/Summ      #####.....   67%         7    #######
 Freeze                   Ice            ##..         1%          1    None
 Magic Dart               Conj           ####         1%          1    None
 Passwall                 Tmut/Erth      #####...     1%          2    None
 Searing Ray              Conj           ######       1%          2    None
 Throw Frost              Conj/Ice       #####.       1%          2    None
 Conjure Flame            Conj/Fire      ######..     1%          3    None
 Dazzling Spray           Conj/Hex       #####.       1%          3    None
 Mephitic Cloud           Conj/Pois/Air  ####....     1%          3    None
 Force Lance              Conj/Tloc      #####...     1%          4    #......
 Fulminant Prism          Conj/Hex       #####.....   1%          4    #......
 Iskenderun's Mystic Bla  Conj           ######..     1%          4    #......
 Throw Icicle             Conj/Ice       #####...     1%          4    #......
 Petrify                  Tmut/Erth      #####...     2%          4    #......
 Beastly Appendage        Tmut           ###...       4%          1    None
 Animate Skeleton         Necr           N/A          5%          1    None
 Apportation              Tloc           ##....       5%          1    None
 Confusing Touch          Hex            ##....       5%          1    None
 Infusion                 Chrm           ##..         5%          1    None
 Pain                     Necr           ##..         5%          1    None
 Summon Small Mammal      Summ           ##..         5%          1    None
 Sticks to Snakes         Tmut           ###.....     6%          2    None
 Blink                    Tloc           N/A          9%          2    None
 Call Imp                 Summ           ##......     9%          2    None
 Slow                     Hex            ##......     9%          2    None
 Song of Slaying          Chrm           ##......     9%          2    None
 Swiftness                Chrm/Air       ##......     9%          2    None
 Spider Form              Tmut/Pois      ##........   14%         3    None
 Ozocubu's Armour         Chrm/Ice       ##......     17%         3    None
 Regeneration             Chrm/Necr      ##........   17%         3    None
 Spectral Weapon          Hex/Chrm       ##......     17%         3    None
 Vampiric Draining        Necr           ##........   17%         3    None
 Ice Form                 Ice/Tmut       ##......     43%         4    #......
 Animate Dead             Necr           N/A          50%         4    #......
 Summon Ice Beast         Ice/Summ       ##......     50%         4    #......
 Summon Lightning Spire   Summ/Air       ##......     50%         4    #......
 Iskenderun's Battlesphe  Conj/Chrm      #####...     3%          5    ####...
 Conjure Ball Lightning   Conj/Air       #####.....   19%         6    ######.
 Poison Arrow             Conj/Pois      #####.....   19%         6    ######.
 Lehudib's Crystal Spear  Conj/Erth      ######....   41%         8    #######
 Blade Hands              Tmut           ###.......   75%         5    ####...
 Excruciating Wounds      Chrm/Necr      ##........   83%         5    ####...
 Silence                  Hex/Air        ##........   83%         5    ####...
 Chain Lightning          Conj/Air       #####.....   99%         8    #######
 Deflect Missiles         Chrm/Air       ##........   100%        6    ######.
 Fire Storm               Conj/Fire      ######....   100%        9    #######
 Glaciate                 Conj/Ice       #####.....   100%        9    #######
 Tornado                  Air            ##........   100%        9    #######


Dungeon Overview and Level Annotations

Branches:
Dungeon (14/15)            Temple (1/1) D:5            Lair (6/6) D:11
 Shoals (0/4) Lair:3       Spider (0/4) Lair:3        Slime (0/5) Lair:6
    Orc (2/2) D:11            Elf (1/3) Orc:2        Vaults (0/5) D:13

Altars:
Ashenzari
Cheibriados
Dithmenos
Elyvilon
Gozag
Hepliaklqana
Kikubaaqudgha
Makhleb
Okawaru
Qazlal
Sif Muna
Trog
Vehumet
Wu Jian
Xom
Yredelemnul
Zin
The Shining One
Beogh
Jiyva

Shops:
D:4 [   D:5 *   D:7 [   D:9 !   Orc:2 =}(=%   Elf:1 [


Innate Abilities, Weirdness & Mutations

You are resistant to torment.
Your stone body is resilient. (AC +12)
You are immune to poison.
Your large and strong wings let you fly indefinitely.
You resist negative energy. (rN+)
You are resistant to electric shocks. (rElec)
You can survive without breathing.
You are immune to petrification.
You are immune to rotting.
You are partially covered in large bone plates. (SH +4)
You have an increased reservoir of magic. (+10% MP)


Message History

Cigotuvi's Monster tramples you.
You hold your ground!
Cigotuvi's Monster stings you but does no damage.
Cigotuvi's Monster grabs you. Cigotuvi's Monster constricts you!!
The large abomination hits you!!
Unknown command.
Unknown command.
As you read the scroll of teleportation, it crumbles to dust.
You feel strangely unstable. Cigotuvi's Monster barely misses you.
Cigotuvi's Monster tramples you but does no damage.
Cigotuvi's Monster stings you!
* * * LOW HITPOINT WARNING * * *
Cigotuvi's Monster constricts you!!
The large abomination hits you but does no damage.
Unknown command.
Cigotuvi's Monster's grasp on you weakens, but your attempt to escape fails.
You block Cigotuvi's Monster's attack.
Cigotuvi's Monster completely misses you.
Cigotuvi's Monster stings you.
* * * LOW HITPOINT WARNING * * *
You die...

.#...##§§§§ #..#
.#...#u§§§§ #..# ####
p#...#u§§§. #..####..##
o#...##§... #...##....#
###'####..# ##...'....#
.#...#.#### #...#....#
x#.†.#..### ##'#####.##
u#...#p....####HX.######
##...#e....#....@....####
###'####..##...###......#
.....#§######'## ####...#
...§.#§§####...### #...##
.....#§§§##......###...##
#.....§.##........####..#
###'######.........###..#
##...### #..........##†.#
.......###..........##..#


You could see Cigotuvi's Monster and a large abomination.

Vanquished Creatures
  Rupert (Orc:2)
  A frost giant (IceCv)
  A stone giant (D:10)
  3 very ugly things
  A minotaur (Gauntlet)
  A dire elephant (Gauntlet)
  2 ettins
  Snorg (Lair:4)
  Josephine (Orc:1)
  2 ogre magi (Orc:2)
  An ice dragon (Lair:2)
  6 hydras
  A catoblepas (Lair:6)
  A centaur warrior (D:14)
  4 death yaks
  11 two-headed ogres
  An iron golem (WizLab)
  Sonja (Lair:5)
  An iron troll (D:13)
  A skeletal warrior (D:7)
  2 deep trolls (Orc:2)
  2 unseen horrors
  A flayed ghost (D:14)
  A lindwurm (Lair:6)
  A necromancer (D:14)
  7 deep elf magi
  Pikel (D:8)
  3 orc sorcerers
  A manticore (D:11)
  4 ugly things
  6 cyclopes
  Joseph (D:8)
  13 elephants
  An ice statue (IceCv)
  18 spiny frogs
  9 black mambas
  2 gargoyles
  3 centaur skeletons
  7 komodo dragons
  3 rime drakes
  A yaktaur (D:7)
  A freezing wraith (D:10)
  12 trolls
  14 polar bears (IceCv)
  3 jumping spiders (Lair:3)
  A hornet (D:12)
  5 tyrant leeches (Lair:6)
  5 slime creatures (D:13)
  14 blink frogs
  10 hippogriffs
  2 spriggans
  A redback (Lair:3)
  3 wyverns
  51 yaks
  6 wraiths
  A shadow (D:10)
  3 golden eyes (shapeshifter) (WizLab)
  10 vampire mosquitoes
  A hungry ghost (D:13)
  Grum (D:8)
  5 large abominations (WizLab)
  A soldier ant (D:13)
  An acid dragon (D:13)
  3 insubstantial wisps (Lair:2)
  3 wargs
  10 porcupines
  15 orc warriors
  8 water moccasins
  A swamp drake (Lair:2)
  A sky beast (shapeshifter) (Gauntlet)
  6 ice beasts
  3 eyes of draining
  3 phantoms
  3 sky beasts
  A slave (D:8)
  7 black bears
  35 ogres
  2 necrophages
  27 wolves
  4 centaurs
  14 crocodiles
  34 bullfrogs
  3 big kobolds
  A wyvern skeleton (D:10)
  7 scorpions
  A scorpion (shapeshifter) (Gauntlet)
  4 killer bees
  An electric eel (Lair:2)
  A howler monkey (D:5)
  4 wights (D:9)
  4 centaur zombies
  8 crimson imps
  3 bullfrog zombies
  3 bullfrog skeletons
  12 hounds
  21 orc priests
  A jelly (D:11)
  31 orc wizards
  6 iguanas
  11 worker ants
  6 small abominations (WizLab)
  3 hound zombies
  3 hound skeletons
  4 mummies (Ossuary)
  2 worker ant zombies
  15 gnolls
  2 howler monkey skeletons
  14 adders
  4 shadow imps
  4 oozes
  3 adder zombies
  5 adder skeletons
  3 worms
  A dart slug (D:1)
  5 leopard geckos
  70 orcs
  6 giant cockroaches
  7 goblins
  4 hobgoblins
  4 jackals
  6 quokkas
  5 ball pythons
  5 bats
  4 frilled lizards
  3 goblin zombies
  2 hobgoblin zombies (Ossuary)
  A jackal zombie (Ossuary)
  12 kobolds
  A kobold zombie (Ossuary)
  3 leopard gecko skeletons
  A leopard gecko zombie (D:5)
  An orc zombie (Ossuary)
  A quokka zombie (D:9)
  5 rats
  4 rat zombies
  A fungus (Lair:6)
  A plant (Lair:2)
803 creatures vanquished.

Vanquished Creatures (others)
  Maurice (D:8)
  3 polar bears (IceCv)
  2 orc warriors
  A human (D:2)
  2 wolves (IceCv)
  An orc (D:7)
  A kobold (D:9)
  3 bushes
  41 fungi
  29 plants
84 creatures vanquished.

Grand Total: 887 creatures vanquished

Notes
Turn   | Place    | Note
-------+----------+-------------------------------------------
     0 | D:1      | JellyEater the Gargoyle Earth Elementalist began the quest
                  | for the Orb.
     0 | D:1      | Reached XP level 1. HP: 10/10 MP: 3/3
   195 | D:1      | Reached skill level 4 in Earth Magic
   195 | D:1      | Reached XP level 2. HP: 13/15 MP: 1/5
   614 | D:1      | Reached XP level 3. HP: 19/19 MP: 2/7
   619 | D:1      | Learned a level 3 spell: Stone Arrow
  1022 | D:2      | Found a burning altar of Makhleb.
  1210 | D:2      | Reached XP level 4. HP: 24/24 MP: 8/8
  1425 | D:2      | Found an ancient bone altar of Kikubaaqudgha.
  1425 | D:2      | Noticed a human
  1428 | D:2      | Killed a human
  1648 | D:2      | Reached skill level 5 in Earth Magic
  1960 | D:3      | Found a glowing golden altar of the Shining One.
  1994 | D:3      | Reached XP level 5. HP: 28/28 MP: 3/10
  2109 | D:3      | Learned a level 5 spell: Lee's Rapid Deconstruction
  2567 | D:4      | Reached skill level 6 in Earth Magic
  2689 | D:4      | Noticed an ogre
  2693 | D:4      | Killed an ogre
  2693 | D:4      | Reached XP level 6. HP: 32/32 MP: 5/12
  3256 | D:4      | Found Geul's Armour Boutique.
  3426 | D:4      | Reached skill level 5 in Spellcasting
  3426 | D:4      | Reached skill level 7 in Earth Magic
  3426 | D:4      | Reached XP level 7. HP: 24/36 MP: 10/14
  3805 | D:4      | Gained mutation: Your flesh is heat resistant. (rF+)
                  | [potion of mutation]
  3805 | D:4      | Gained mutation: Your movements are slightly less
                  | encumbered by armour. (ER -2) [potion of mutation]
  3926 | D:4      | Reached skill level 1 in Conjurations
  4082 | D:5      | Entered Level 5 of the Dungeon
  4158 | D:5      | Reached skill level 1 in Fighting
  4158 | D:5      | Reached skill level 1 in Maces & Flails
  4158 | D:5      | Reached skill level 1 in Armour
  4160 | D:5      | Reached XP level 8. HP: 29/43 MP: 7/16
  4375 | D:5      | Found a staircase to the Ecumenical Temple.
  4391 | Temple   | Entered the Ecumenical Temple
  4498 | Temple   | Became a worshipper of Vehumet
  4581 | D:5      | Got a pair of transparent gloves
  4590 | D:5      | Identified the +1 pair of gloves of the Old World {+Fly}
                  | (You found it on level 5 of the Dungeon)
  4633 | D:5      | Found Gozag's Platinum Reserve.
  4633 | D:5      | Found an opulent altar of Gozag.
  5343 | D:6      | Found a sand-covered staircase.
  5366 | Ossuary  | Entered an ossuary
  5408 | Ossuary  | Reached * piety under Vehumet
  5408 | Ossuary  | Offered knowledge of Flame Tongue by Vehumet.
  5637 | Ossuary  | Got a pair of spiked boots
  5648 | Ossuary  | Identified the +2 pair of boots "Ufyigity" {rF+} (You found
                  | it in an ossuary)
  5956 | D:6      | Reached skill level 8 in Earth Magic
  6316 | D:7      | Reached XP level 9. HP: 46/49 MP: 17/17
  6446 | D:7      | Noticed a yaktaur
  6472 | D:7      | Killed a yaktaur
  6472 | D:7      | Reached skill level 5 in Conjurations
  6499 | D:7      | Noticed a cyclops
  6502 | D:7      | Reached ** piety under Vehumet
  6502 | D:7      | Offered knowledge of Freeze by Vehumet.
  6504 | D:7      | Noticed a skeletal warrior
  6505 | D:7      | Killed a cyclops
  6682 | D:7      | Reached XP level 10. HP: 41/57 MP: 6/19
  6832 | D:7      | Noticed a gargoyle
  6834 | D:7      | Killed a gargoyle
  6854 | D:7      | Reached skill level 9 in Earth Magic
  6990 | D:7      | Identified the ring of Contentment {*Slow rElec Dex+3
                  | Stlth+}
  7239 | D:7      | Killed a skeletal warrior
  7239 | D:7      | Reached skill level 1 in Evocations
  7343 | D:7      | Found Icuirch's Antique Armour Shoppe.
  7368 | D:7      | Bought a silken robe for 159 gold pieces
  7378 | D:7      | Identified the +4 robe of Idealism {SInv} (You bought it in
                  | a shop on level 7 of the Dungeon)
  7550 | D:7      | Offered knowledge of Dazzling Spray by Vehumet.
  7899 | D:7      | Reached skill level 5 in Armour
  8036 | D:7      | Learned a level 3 spell: Mephitic Cloud
  8289 | D:7      | Found Icuirch's Antique Armour Shoppe.
  9340 | D:8      | Reached skill level 5 in Fighting
  9345 | D:8      | Reached *** piety under Vehumet
  9405 | D:8      | Found an ancient bone altar of Kikubaaqudgha.
  9559 | D:8      | Noticed Joseph
  9564 | D:8      | Killed Joseph
  9594 | D:8      | Noticed Maurice
  9680 | D:8      | Noticed Pikel
  9690 | D:8      | Killed Pikel
  9690 | D:8      | Reached XP level 11. HP: 64/64 MP: 18/21
  9812 | D:8      | Reached skill level 5 in Maces & Flails
  9929 | D:8      | Noticed Grum
  9934 | D:8      | Killed Grum
  9935 | D:8      | Offered knowledge of Force Lance by Vehumet.
  9978 | D:8      | Killed Maurice
 10929 | D:9      | Found a white marble altar of Elyvilon.
 11069 | D:9      | Reached **** piety under Vehumet
 11076 | D:9      | Reached skill level 10 in Earth Magic
 11223 | D:9      | Offered knowledge of Airstrike by Vehumet.
 11234 | D:9      | Found Huoqelon's Distillery.
 11252 | D:9      | Bought a potion of heal wounds for 70 gold pieces
 11252 | D:9      | Bought 2 potions of invisibility for 224 gold pieces
 11252 | D:9      | Bought a potion of ambrosia for 112 gold pieces
 11252 | D:9      | Bought a potion of curing for 42 gold pieces
 11252 | D:9      | Bought a potion of magic for 112 gold pieces
 11252 | D:9      | Bought a potion of magic for 112 gold pieces
 11845 | D:10     | Entered Level 10 of the Dungeon
 11872 | D:10     | Noticed an unseen horror
 11896 | D:10     | Killed an unseen horror
 12066 | D:10     | Noticed a cyclops
 12073 | D:10     | Noticed a stone giant
 12073 | D:10     | Killed a cyclops
 12073 | D:10     | Reached skill level 5 in Dodging
 12100 | D:10     | Killed a stone giant
 12787 | D:10     | Reached XP level 12. HP: 71/71 MP: 3/23
 13262 | D:11     | Reached ***** piety under Vehumet
 13265 | D:11     | Found a staircase to the Orcish Mines.
 13266 | D:11     | Offered knowledge of Orb of Destruction by Vehumet.
 13414 | D:11     | Found a roughly hewn altar of Beogh.
 14000 | D:11     | Found a staircase to the Lair.
 14538 | D:11     | Learned a level 7 spell: Orb of Destruction
 15025 | D:8      | Found an ancient bone altar of Kikubaaqudgha.
 15660 | D:12     | Reached skill level 11 in Earth Magic
 16791 | D:13     | Reached skill level 5 in Evocations
 16983 | D:13     | Noticed a two-headed ogre
 17017 | D:13     | Killed a two-headed ogre
 17023 | D:13     | Noticed an ettin
 17031 | D:13     | Noticed an iron troll
 17032 | D:13     | Killed an ettin
 17032 | D:13     | Reached XP level 13. HP: 78/78 MP: 16/25
 17466 | D:13     | Found a gate to the Vaults.
 18263 | D:14     | Noticed a green very ugly thing
 18273 | D:14     | Killed a green very ugly thing
 18273 | D:14     | Offered knowledge of Bolt of Magma by Vehumet.
 18890 | D:14     | Found a hazy altar of Hepliaklqana.
 19032 | D:14     | Learned a level 5 spell: Bolt of Magma
 19142 | Lair:1   | Entered Level 1 of the Lair of Beasts
 19168 | Lair:1   | You fall into a shaft and drop 1 floor!
 19223 | Lair:1   | Found a gate leading to a gauntlet.
 19260 | Gauntlet | Entered a Gauntlet
 19260 | Gauntlet | Found a transporter.
 19269 | Gauntlet | Found a transporter.
 19271 | Gauntlet | Noticed a dire elephant
 19273 | Gauntlet | Found a transporter.
 19274 | Gauntlet | Found a transporter.
 19275 | Gauntlet | Found a transporter.
 19278 | Gauntlet | Found a transporter.
 19279 | Gauntlet | Found the +0 mask of the Dragon {MR+ Slay+3 SInv}
 19283 | Gauntlet | Found a transporter.
 19290 | Gauntlet | Found a transporter.
 19303 | Gauntlet | Found a transporter.
 19320 | Gauntlet | Found a transporter.
 19324 | Gauntlet | Found a transporter.
 19332 | Gauntlet | Found a transporter.
 19437 | Gauntlet | Noticed an ice dragon
 19437 | Gauntlet | an ice dragon changed into a tyrant leech
 19518 | Gauntlet | Noticed an entropy weaver
 19518 | Gauntlet | a death yak changed into an entropy weaver
 19525 | Gauntlet | Noticed a quicksilver dragon
 19525 | Gauntlet | an entropy weaver changed into a quicksilver dragon
 19528 | Gauntlet | Noticed a fire giant
 19528 | Gauntlet | a quicksilver dragon changed into a fire giant
 19534 | Gauntlet | Noticed a dire elephant
 19534 | Gauntlet | a fire giant changed into a dire elephant
 19537 | Gauntlet | Noticed a sphinx
 19537 | Gauntlet | a dire elephant changed into a sphinx
 19540 | Gauntlet | Noticed a quicksilver dragon
 19540 | Gauntlet | a sphinx changed into a quicksilver dragon
 19587 | Gauntlet | Noticed a stone giant
 19589 | Gauntlet | Noticed a dire elephant
 19589 | Gauntlet | a stone giant changed into a dire elephant
 19595 | Gauntlet | Noticed an ice dragon
 19595 | Gauntlet | a dire elephant changed into an ice dragon
 19596 | Gauntlet | an ice dragon changed into a seven-headed hydra
 19597 | Gauntlet | Noticed an ettin
 19597 | Gauntlet | a seven-headed hydra changed into an ettin
 19598 | Gauntlet | an ettin changed into a queen ant
 19658 | Gauntlet | Killed a dire elephant
 19658 | Gauntlet | Reached skill level 10 in Conjurations
 19818 | Gauntlet | Identified the ring of the Sky {MR+ AC+3 SInv}
 19818 | Gauntlet | Noticed a minotaur
 19828 | Gauntlet | Killed a minotaur
 19828 | Gauntlet | Reached skill level 1 in Fire Magic
 19999 | Gauntlet | Identified the Tome of Augmentations
 20020 | Gauntlet | Got an opalescent robe
 20032 | Gauntlet | Identified the +1 robe "Fugui" {rN+ Str+3 Slay-6} (You
                  | found it in a Gauntlet)
 20115 | Lair:1   | Reached skill level 12 in Earth Magic
 21385 | Lair:2   | Noticed an ice dragon
 21405 | Lair:2   | Killed an ice dragon
 21405 | Lair:2   | Gained mutation: Your large and strong wings let you fly
                  | indefinitely. [Gargoyle growth]
 21405 | Lair:2   | Reached XP level 14. HP: 59/86 MP: 3/27
 22223 | Lair:3   | Found a staircase to the Shoals.
 22450 | Lair:3   | Found a frozen archway.
 22467 | IceCv    | Entered an ice cave
 22474 | IceCv    | Offered knowledge of Irradiate by Vehumet.
 22487 | IceCv    | Learned a level 5 spell: Irradiate
 23725 | IceCv    | Noticed a frost giant
 23746 | IceCv    | Killed a frost giant
 23746 | IceCv    | Reached skill level 5 in Fire Magic
 24389 | Lair:3   | Found a hole to the Spider Nest.
 25134 | Lair:4   | Offered knowledge of Iron Shot by Vehumet.
 25134 | Lair:4   | Reached skill level 10 in Fighting
 25160 | Lair:4   | Learned a level 6 spell: Iron Shot
 25495 | Lair:4   | Noticed Snorg
 25500 | Lair:4   | Killed Snorg
 26317 | Lair:5   | Reached XP level 15. HP: 92/92 MP: 28/28
 26445 | Lair:5   | Reached skill level 10 in Spellcasting
 26595 | Lair:5   | Noticed Sonja
 26600 | Lair:5   | Killed Sonja
 26735 | Lair:6   | Entered Level 6 of the Lair of Beasts
 26820 | Lair:6   | Reached skill level 13 in Earth Magic
 27123 | Lair:6   | Gained mutation: Scrolls take you a little longer to read.
                  | [mutagenic glow]
 27384 | Lair:5   | Lost mutation: Your flesh is heat resistant. (rF+) [potion
                  | of mutation]
 27384 | Lair:5   | Lost mutation: Scrolls take you a little longer to read.
                  | [potion of mutation]
 27384 | Lair:5   | Lost mutation: Your movements are slightly less encumbered
                  | by armour. (ER -2) [potion of mutation]
 27384 | Lair:5   | Gained mutation: You have an increased reservoir of magic.
                  | (+10% MP) [potion of mutation]
 27384 | Lair:5   | Gained mutation: You are partially covered in large bone
                  | plates. (SH +4) [potion of mutation]
 27956 | Lair:6   | Reached ****** piety under Vehumet
 28189 | Lair:6   | Found a staircase to the Slime Pits.
 28189 | Lair:6   | Found a viscous altar of Jiyva.
 28586 | Orc:1    | Entered Level 1 of the Orcish Mines
 28588 | Orc:1    | Noticed Josephine
 28595 | Orc:1    | Killed Josephine
 28886 | Orc:2    | Entered Level 2 of the Orcish Mines
 28896 | Orc:2    | Offered knowledge of Freezing Cloud by Vehumet.
 28968 | Orc:2    | Found Lutoerr's Food Boutique.
 29228 | Orc:2    | Paralysed by an orc sorcerer for 4 turns
 29602 | Orc:2    | Found a staircase to the Elven Halls.
 29609 | Orc:2    | Found Wuwobef's Jewellery Shoppe.
 29614 | Orc:2    | Found Yddeow's Antique Weapon Emporium.
 29617 | Orc:2    | Reached XP level 16. HP: 88/99 MP: 33/33
 29617 | Orc:2    | Reached skill level 10 in Maces & Flails
 29625 | Orc:2    | Noticed Rupert
 29627 | Orc:2    | Found Eczon's Gadget Shop.
 29649 | Orc:2    | Killed Rupert
 29655 | Orc:2    | Offered knowledge of Spellforged Servitor by Vehumet.
 29888 | Orc:2    | Found Ubaxooz's Jewellery Shoppe.
 30175 | Elf:1    | Entered Level 1 of the Elven Halls
 30264 | Elf:1    | Found a magical portal.
 30278 | Elf:1    | Found Dafup's Armour Boutique.
 30307 | WizLab   | Entered Cigotuvi's Fleshworks
 31115 | WizLab   | Noticed Cigotuvi's Monster
 31276 | WizLab   | Demolished by Cigotuvi's Monster

Levels and vault maps discovered:
D:1:      nzn_arrival_water_spiral, layout_basic
D:2:      layout_basic, nicolae_overflow_crystal_walls, tgw_kikubaaqudgha
D:3:      layout_rooms, tso_altar, minmay_shallow_snake_nest
D:4:      minmay_polygon_palace, layout_basic, serial_shops, shop, first_ration,
          minivault_19
D:5:      layout_basic, nicolae_gozag_zags_fifth_avenue,
          minmay_temple_entry_hall, minmay_misc_feat_four_crosses
D:6:      layout_rooms, enter_ossuary_4
D:7:      minmay_the_grid_octo_tiled_octocenter [minmay_the_grid_octo_clover,
          minmay_the_grid_octo_empty, minmay_the_grid_octo_77,
          minmay_the_grid_octo_focus, minmay_the_grid_octo_prize_star,
          minmay_the_grid_square_5x5_trominoes,
          minmay_the_grid_square_5x5_percent,
          minmay_the_grid_square_5x5_minivault,
          minmay_the_grid_square_5x5_two_small], layout_layer_cave,
          serial_shops, nicolae_shop_window_shopping, minivault_19
D:8:      layout_loops_ring, basic_altar, uniq_pikel, uniq_grum, uniq_maurice,
          uniq_joseph
D:9:      layout_loops_corners, elyvilon_altar_3, serial_shops, shop, the_bakery
D:10:     layout_basic, minmay_evil_grid
D:11:     layout_basic, due_lair_maze_entry_diamond,
          minmay_orc_entry_temple_small, kennysheep_generic_room_14
D:12:     layout_grid_maze
D:13:     layout_roguey, david_vaults_4, hangedman_decor_push
D:14:     minmay_blocky_corners, layout_basic, lemuel_round_altar,
          minmay_sticks_and_stones
Temple:   dpeg_five_rooms_temple
Lair:1:   layout_small_grid, gauntlet_entry_generic, grunt_megastairs_3
Lair:2:   dragon1_lemuel, layout_loops_ring, pond
Lair:3:   layout_small_grid, elwin_shoals_entry_rocks,
          spider_nest_entry_funnel_web, portal_ice_cave_rime,
          grunt_forest_large_clearing_hut, lemuel_fruit_fields
Lair:4:   layout_cave_pods, uniq_snorg
Lair:5:   layout_gridlike, uniq_sonja
Lair:6:   minmay_lair_end_frog_pond, layout_misc_corridors, slime_altar_1,
          chequers_serial_rivers_room_b
Orc:1:    layout_caves, uniq_josephine
Orc:2:    st_orc_open, layout_diamond_mine, serial_shops,
          nicolae_shop_behind_doors, uniq_rupert
Elf:1:    eino_elf_arrival_the_gate, layout_onion_city,
          infiniplex_enter_wizlab_glasses, serial_shops, nicolae_shop_stone,
          uniq_frances
WizLab:   wizlab_cigotuvi

Skill      XL: |  1  2  3  4  5  6  7  8  9 10 11 12 13 14 15 16 |
---------------+-------------------------------------------------+-----
Earth Magic    | 4 5 6 7 8 9 10 11 12 13 | 13.9
Spellcasting   | 3 4 5 6 7 8 9 10 | 10.8
Conjurations   | 1 4 6 7 8 9 10 11 12 | 12.0
Fighting       | 1 2 4 5 6 8 9 10 11 | 11.2
Maces & Flails | 1 2 3 4 6 7 8 9 10 | 10.3
Armour         | 1 2 4 5 6 |  6.0
Dodging        | 2 3 4 5 6 7 8 |  8.9
Evocations     | 2 3 5 6 |  6.0
Fire Magic     | 3 6 8 9 |  9.5
Stealth        | |  2.1
Transmutations | |  0.7

Action                   |  1- 3 |  4- 6 |  7- 9 | 10-12 | 13-15 | 16-18 || total
-------------------------+-------+-------+-------+-------+-------+-------++-------
Melee: Dagger            |    66 |   126 |   205 |   150 |       |       ||   547
       Unarmed           |     2 |       |       |       |       |       ||     2
       Quarterstaff      |       |       |       |   465 |       |       ||   465
       Morningstar       |       |       |       |    58 |   808 |    72 ||   938
Throw: Throwing net      |       |       |       |       |     1 |       ||     1
 Cast: Sandblast         |    15 |    55 |    74 |   169 |    81 |       ||   394
       Stone Arrow       |       |     1 |     6 |    24 |    70 |       ||   101
       Lee's Rapid Decon |       |       |    15 |    48 |    27 |    11 ||   101
       Mephitic Cloud    |       |       |       |     3 |     5 |       ||     8
       Bolt of Magma     |       |       |       |       |    38 |    19 ||    57
       Iron Shot         |       |       |       |       |    26 |    28 ||    54
       Irradiate         |       |       |       |       |    25 |       ||    25
 Abil: Fly               |       |       |       |       |     1 |       ||     1
Evoke: Lightning rod     |       |       |       |     8 |     6 |       ||    14
       Lamp of fire      |       |       |       |     1 |     2 |       ||     3
       Fan of gales      |       |       |       |     1 |     1 |       ||     2
  Use: Scroll            |       |    13 |    14 |    13 |    19 |     4 ||    63
       Potion            |       |     1 |     6 |     5 |     4 |     1 ||    17
 Stab: Sleeping          |     8 |     5 |     8 |     3 |     6 |       ||    30
       Distracted        |       |     1 |       |       |     1 |       ||     2
       Invisible         |       |       |     4 |       |     1 |       ||     5
       Confused          |       |       |       |     2 |     3 |       ||     5
  Eat: Chunk             |     1 |     7 |    12 |    32 |    56 |     4 ||   112
       Ration            |       |       |     2 |     3 |     4 |     6 ||    15
Armor: Robe              |    26 |    50 |   135 |   241 |   333 |    36 ||   821
Dodge: Dodged            |    44 |    92 |   160 |   786 |  1391 |   110 ||  2583
Block: Other             |       |       |       |       |    41 |    14 ||    55

Table legend:
 A = Non-vault XP
 B = Vault XP
 C = Vault XP percentage of total XP
 D = Non-vault monster count
 E = Vault monster count
 F = Vault count percentage of total count
                 A         B        C        D         E       F
            +---------+---------+-------+---------+---------+-------
      Total |   66846 |   85485 |  56.1 |     498 |     307 |  38.1
            +---------+---------+-------+---------+---------+-------
        D:1 |      41 |       0 |   0.0 |      16 |       0 |   0.0
        D:2 |      88 |       0 |   0.0 |      21 |       0 |   0.0
        D:3 |      79 |      17 |  17.7 |      14 |       4 |  22.2
        D:4 |     686 |     105 |  13.3 |      25 |      10 |  28.6
        D:5 |     505 |       0 |   0.0 |      21 |       0 |   0.0
        D:6 |     616 |       2 |   0.3 |      20 |       2 |   9.1
        D:7 |     975 |    4264 |  81.4 |      20 |      35 |  63.6
        D:8 |    1255 |    1720 |  57.8 |      20 |       6 |  23.1
        D:9 |    2438 |     224 |   8.4 |      42 |       1 |   2.3
       D:10 |    2742 |    3604 |  56.8 |      28 |      11 |  28.2
       D:11 |    4226 |    1746 |  29.2 |      49 |      20 |  29.0
       D:12 |    3183 |       0 |   0.0 |      11 |       0 |   0.0
       D:13 |    5662 |    1885 |  25.0 |      25 |       2 |   7.4
       D:14 |    3296 |    5518 |  62.6 |      12 |       7 |  36.8
     Lair:1 |    3541 |    1019 |  22.3 |      23 |       6 |  20.7
     Lair:2 |    1732 |    2161 |  55.5 |       8 |       8 |  50.0
     Lair:3 |    3514 |    2891 |  45.1 |      16 |       9 |  36.0
     Lair:4 |    7888 |    1090 |  12.1 |      29 |       1 |   3.3
     Lair:5 |    4568 |    2044 |  30.9 |      11 |       7 |  38.9
     Lair:6 |   12156 |   10421 |  46.2 |      30 |      38 |  55.9
      Orc:1 |    2618 |    2117 |  44.7 |      17 |       6 |  26.1
      Orc:2 |    3892 |   19075 |  83.1 |      38 |      38 |  50.0
      Elf:1 |    1145 |    2219 |  66.0 |       2 |       4 |  66.7
    Ossuary |       0 |     108 | 100.0 |       0 |      16 | 100.0
      IceCv |       0 |   12613 | 100.0 |       0 |      53 | 100.0
     WizLab |       0 |    7902 | 100.0 |       0 |      19 | 100.0
   Gauntlet |       0 |    2740 | 100.0 |       0 |       4 | 100.0
            +---------+---------+-------+---------+---------+-------
